 Dungeon Crawl Stone Soup version 0.25.1-8-g42b30a86e7 (webtiles) character file.

Game seed: 3024304304596714084

224 hawla the Conjurer (level 5, -6/30 HPs)
             Began as a Deep Elf Conjurer on Dec 16, 2020.
             Mangled by an orc
             ... wielding a +0 war axe
              (8 damage)
             ... on level 4 of the Dungeon.
             The game lasted 00:08:04 (3380 turns).

hawla the Conjurer (Deep Elf Conjurer)              Turns: 3380, Time: 00:08:04

Health: -6/30      AC:  4    Str:  5    XL:     5   Next: 67%
Magic:  9/13       EV: 14    Int: 21    God:
Gold:   195        SH:  0    Dex: 15    Spells: 5/12 levels left

rFire    . . .     SeeInvis .   t - +4 quarterstaff (chaos)
rCold    . . .     Gourm    .   (shield currently unavailable)
rNeg     . . .     Faith    .   a - +1 robe
rPois    .         Spirit   .   (no helmet)
rElec    .         Reflect  .   v - +0 cloak
rCorr    .         Harm     .   (no gloves)
MR       .....                  (no boots)
Stlth    +++.......             (no amulet)
HPRegen  0.10/turn              (no ring)
MPRegen  0.13/turn              (no ring)

@: very slightly contaminated
A: no striking features
a: no special abilities


You were on level 4 of the Dungeon.
You were not hungry.

You visited 1 branch of the dungeon, and saw 4 of its levels.

You collected 195 gold pieces.

Inventory:

Hand Weapons
 t - a +4 quarterstaff of chaos (weapon)
Missiles
 h - 8 poisoned darts
 k - 6 boomerangs (quivered)
Armour
 a - a +1 robe (worn)
 v - a +0 cloak (worn)
Jewellery
 j - an uncursed ring of see invisible
Wands
 f - a wand of random effects (15)
Scrolls
 o - a scroll of blinking
 q - 2 scrolls of teleportation
Potions
 d - a potion of stabbing
 e - 2 potions of haste {unknown}
 g - a potion of resistance
 i - 2 potions of heal wounds {unknown}
 m - 2 potions of mutation {unknown}
 s - 2 potions of curing {unknown}
Comestibles
 c - 5 rations
 w - a chunk of flesh


   Skills:
 + Level 1.8 Fighting
 + Level 4.0 Dodging
 + Level 4.1 Stealth
 + Level 4.4 Spellcasting
 + Level 4.7 Conjurations
 + Level 1.3 Translocations


You had 5 spell levels left.
You knew the following spells:

 Your Spells              Type           Power        Failure   Level  Hunger
a - Magic Dart            Conj           ###.         1%          1    None
b - Searing Ray           Conj           ###...       2%          2    #......
c - Iskenderun's Mystic   Conj/Tloc      ###.....     32%         4    ####...

Your spell library contained the following spells:

 Spells                   Type           Power        Failure   Level  Hunger
 Dazzling Flash           Conj/Hex       ##....       13%         3    ##.....
 Fulminant Prism          Conj/Hex       ##........   41%         4    ####...


Dungeon Overview and Level Annotations

Branches:
Dungeon (4/15)
 Temple: D:4-7

Altars:
Gozag
Makhleb
Xom


Message History

The puff of flame hits you!
The orc wizard hits you with a +0 dagger.
You sock the orc wizard!
Lightning courses through the orc wizard!!
You kill the orc wizard!
Your Dodging skill increases to level 4!
You hear the slow rusting of a distant drain.
You barely miss the orc. The orc hits you with a +0 war axe.
The orc barely misses you.
You are too injured to fight recklessly!
You are too injured to fight recklessly!
Casting: Searing Ray (safe; 2% risk of failure)
Confirm with . or Enter, or press ? or * to list all spells.
The spell is extremely dangerous to cast (32% risk of failure)!
Continue anyway?
You miscast Iskenderun's Mystic Blast.
You are very lightly contaminated with residual magic.
The air around you crackles with energy!
* * * LOW HITPOINT WARNING * * *
The orc hits you with a +0 war axe!
You die...

.. #. #. . #. ..# #.
<...##. #..oo##
#.o@## ##...# #.#[##
#.#..##)# #####
.######.##..#.###...
..................#.
######†###.#.###..
#.# #...##...
#.##......§§#


You could see 3 orcs.

Vanquished Creatures
  A crimson imp (D:3)
  Crazy Yiuf (D:3)
  An orc wizard (D:4)
  Jessica (D:3)
  4 adders
  A worm (D:2)
  2 dart slugs
  4 leopard geckos
  An orc (D:3)
  7 hobgoblins
  3 jackals (D:3)
  5 kobolds
  2 quokkas
  11 bats
  3 frilled lizards (D:2)
  9 goblins
  3 rats
59 creatures vanquished.

Notes
Turn   | Place    | Note
-------+----------+-------------------------------------------
     0 | D:1      | hawla the Deep Elf Conjurer began the quest for the Orb.
     0 | D:1      | Reached XP level 1. HP: 10/10 MP: 6/6
   434 | D:1      | Reached XP level 2. HP: 16/16 MP: 5/8
   438 | D:1      | Learned a level 2 spell: Searing Ray
  1059 | D:2      | Reached XP level 3. HP: 20/20 MP: 7/10
  1090 | D:2      | Reached skill level 1 in Fighting
  1661 | D:2      | Found a faded altar of an unknown god.
  1950 | D:3      | Noticed Jessica
  1956 | D:3      | Killed Jessica
  1956 | D:3      | Reached XP level 4. HP: 25/25 MP: 4/12
  2082 | D:3      | Learned a level 4 spell: Iskenderun's Mystic Blast
  2260 | D:3      | Reached XP level 5. HP: 29/29 MP: 9/13
  2435 | D:3      | Found an opulent altar of Gozag.
  2548 | D:3      | Found a runed translucent door.
  2549 | D:3      | Noticed Crazy Yiuf
  2787 | D:3      | Reached skill level 1 in Translocations
  2832 | D:3      | Found a shimmering altar of Xom.
  3000 | D:3      | Found a burning altar of Makhleb.
  3241 | D:3      | Killed Crazy Yiuf
  3380 | D:4      | Mangled by an orc

Illustrated notes

Levels and vault maps discovered:
D:1:      ncdulo_halloftheorcs, layout_loops_ring
D:2:      layout_loops_ring, chequers_ecumenical_altar_simple
D:3:      layout_basic, lemuel_coloured_pillars_altar,
          overflow_temple_1_default, grunt_gozag_statues, uniq_jessica,
          uniq_crazy_yiuf_cottage
D:4:      layout_rooms, cheibrodos_sewer_entry_sluice, serial_shops, shop,
          first_ration, minivault_19, uniq_robin, uniq_menkaure

Skill      XL: |  1  2  3  4  5 |
---------------+----------------+-----
Dodging        | 3 4 |  4.0
Stealth        | 3 4 |  4.1
Fighting       | 1 |  1.8
Spellcasting   | 4 |  4.4
Translocations | 1 |  1.3
Conjurations   | |  4.7

Action                   |  1- 3 |  4- 6 || total
-------------------------+-------+-------++-------
Melee: Quarterstaff      |       |     6 ||     6
 Cast: Magic Dart        |    53 |    25 ||    78
       Searing Ray       |    11 |    11 ||    22
  Use: Scroll            |     6 |     6 ||    12
  Eat: Chunk             |     3 |     5 ||     8
Armor: Robe              |     1 |       ||     1
Dodge: Dodged            |     2 |     7 ||     9
       Rpst.: Long sword |     1 |       ||     1
